 Dungeon Crawl Stone Soup version 0.22-a0-305-gd21a89c538 (webtiles) character file.

445 FollowTheCloud the Vexing (level 6, 0/28 HPs)
             Began as a Spriggan Enchanter on Mar 30, 2018.
             Was an Initiate of Sif Muna.
             Slain by an orc wizard
             ... wielding a cursed -1 dagger
              (3 damage)
             ... on level 5 of the Dungeon.
             The game lasted 00:11:21 (4814 turns).

FollowTheCloud the Vexing (Spriggan Enchanter)      Turns: 4814, Time: 00:11:21

Health: 0/28       AC:  2    Str:  9    XL:     6   Next: 72%
Magic:  1/13       EV: 21    Int: 18    God:    Sif Muna [......]
Gold:   130        SH:  0    Dex: 17    Spells: 8/14 levels left

rFire    . . .     SeeInvis +   o - +2 dagger (distort)
rCold    . . .     Gourm    .   (shield restricted)
rNeg     . . .     Faith    .   b - +0 robe
rPois    .         Spirit   .   (helmet restricted)
rElec    .         Reflect  .   (no cloak)
rCorr    .         Harm     .   (gloves unavailable)
MR       +....                  (boots unavailable)
Stlth    +++.......             (no amulet)
HPRegen  0.09/turn              (no ring)
MPRegen  0.13/turn              (no ring)

@: mighty, very slightly contaminated, slowed, quick
A: very small, unfitting armour, see invisible, herbivore, speed 3, slow
metabolism 2
a: Renounce Religion


You were on level 5 of the Dungeon.
You worshipped Sif Muna.
Sif Muna was noncommittal.
You were very full.

You visited 1 branch of the dungeon, and saw 5 of its levels.

You collected 130 gold pieces.

Inventory:

Hand Weapons
 o - a +2 dagger of distortion (weapon)
Armour
 b - a +0 robe (worn)
Jewellery
 l - a cursed amulet of inaccuracy {unknown}
 q - an uncursed amulet of regeneration {unknown}
Scrolls
 c - a scroll of fear {unknown}
 f - 3 scrolls of identify {unknown}
 h - a scroll of amnesia {unknown}
 k - a scroll of random uselessness {unknown}
 n - a scroll of teleportation {unknown}
 r - a scroll of fog {unknown}
 s - a scroll of remove curse {unknown}
Potions
 a - a potion of agility {unknown}
 e - a potion of magic {unknown}
 g - a potion of berserk rage {unknown}
 i - a potion of lignification {unknown}
 j - 2 potions of curing {unknown}
 m - 4 potions of might
 p - a potion of flight {unknown}
Comestibles
 d - 6 rations


   Skills:
 - Level 1.1 Short Blades
 + Level 5.3 Dodging
 + Level 6.5 Stealth
 + Level 4.6 Spellcasting
 * Level 6.5 Hexes


You had 8 spell levels left.
You knew the following spells:

 Your Spells              Type           Power        Failure   Level  Hunger
a - Corona                Hex            ####...      1%          1    None
b - Ensorcelled Hibernat  Hex/Ice        ###...       5%          2    #......
c - Confuse               Hex            ####....     2%          3    ###....


Dungeon Overview and Level Annotations

Branches:
Dungeon (5/15)
 Temple: D:4-7

Altars:
Ashenzari
Cheibriados
Fedhas
Hepliaklqana
Makhleb
Nemelex Xobeh
Okawaru
Sif Muna
Trog
Wu Jian
Zin

Shops:
D:4 =


Innate Abilities, Weirdness & Mutations

You are very small and have problems with some larger weapons.
You are too small for most types of armour.
You have supernaturally acute eyesight. (SInv)
You are a herbivore.
You cover ground extremely quickly.
You need to consume almost no food.


Message History

Aim: an orc wizard, wielding a dagger and wearing a glowing robe (lightly wounded, fast, chance to defeat MR: 46%)
The orc wizard resists with some effort.
It was a potion of might.
You feel very mighty all of a sudden.
The orc wizard mumbles some strange words.
The orc wizard blinks!
The orc wizard casts a spell at you.
You feel yourself slow down.
Casting: Ensorcelled Hibernation (safe; 5% risk of failure)
Confirm with . or Enter, or press ? or * to list all spells.
Aiming: Corona (safe; 1% risk of failure)
Press: ? - help, Shift-Dir - straight line, f/p - orc wizard
Aim: an orc wizard, wielding a dagger and wearing a glowing robe (lightly wounded, fast, chance to defeat MR: 67%)
The orc wizard is outlined in light.
You hit the orc wizard.
Space warps horribly around the orc wizard!
The orc wizard is almost dead.
The orc wizard hits you but does no damage.
The orc wizard hits you with a dagger.
You die...

##(((............
##................
#.................
#............%....
#.................
#.................
#.................
##...............(
#.....o@.........
#..<.............
#((..............
#...§.†.........#
#.(............##
#.............##
#.####......[##
... ####..... ##..
....


You could see an orc wizard.

Vanquished Creatures
  An ogre (D:4)
  2 orc priests
  2 orc wizards (D:4)
  Jessica (D:4)
  A worker ant (D:4)
  A hound skeleton (D:4)
  3 gnolls (D:4)
  4 adders
  An adder zombie (D:4)
  3 worms
  A dart slug (D:2)
  A leopard gecko (D:3)
  6 orcs
  5 bats
  2 giant cockroaches
  6 goblins
  3 hobgoblins
  4 jackals (D:3)
  2 quokkas
  3 ball pythons
  3 frilled lizards
  4 kobolds
  2 leopard gecko skeletons (D:4)
  8 rats
69 creatures vanquished.

Vanquished Creatures (others)
  A centaur (D:5)
1 creature vanquished.

Grand Total: 70 creatures vanquished

Notes
Turn   | Place    | Note
-------+----------+-------------------------------------------
     0 | D:1      | FollowTheCloud the Spriggan Enchanter began the quest for the Orb.
     0 | D:1      | Reached XP level 1. HP: 9/9 MP: 5/5
   386 | D:1      | Reached XP level 2. HP: 12/13 MP: 4/6
   390 | D:1      | Learned a level 2 spell: Ensorcelled Hibernation
  1053 | D:2      | Reached XP level 3. HP: 16/16 MP: 5/8
  1155 | D:2      | Reached skill level 5 in Stealth
  1283 | D:2      | Noticed an ice beast
  1331 | D:2      | Learned a level 3 spell: Confuse
  1747 | D:3      | Reached XP level 4. HP: 9/21 MP: 0/10
  2333 | D:3      | Found a sparkling altar of Nemelex Xobeh.
  2336 | D:3      | Found a snail-covered altar of Cheibriados.
  2337 | D:3      | Found a hazy altar of Hepliaklqana.
  2337 | D:3      | Found a shattered altar of Ashenzari.
  2341 | D:3      | Found a glowing silver altar of Zin.
  2974 | D:4      | Found an ornate altar of the Wu Jian Council.
  2990 | D:4      | Noticed a phantom
  3100 | D:4      | Reached skill level 5 in Hexes
  3199 | D:4      | Found an iron altar of Okawaru.
  3199 | D:4      | Found a blossoming altar of Fedhas.
  3204 | D:4      | Found a burning altar of Makhleb.
  3206 | D:4      | Found a faded altar of an unknown god.
  3206 | D:4      | Noticed an ogre
  3211 | D:4      | Found a bloodstained altar of Trog.
  3318 | D:4      | Killed an ogre
  3318 | D:4      | Reached XP level 5. HP: 24/24 MP: 2/12
  3448 | D:4      | Found a deep blue altar of Sif Muna.
  3463 | D:4      | Became a worshipper of Sif Muna the Loreminder
  3553 | D:5      | Entered Level 5 of the Dungeon
  3553 | D:5      | Noticed a centaur
  3822 | D:4      | Found Maneuli's Jewellery Shop.
  4007 | D:4      | Reached XP level 6. HP: 26/28 MP: 6/13
  4018 | D:4      | Reached skill level 5 in Dodging
  4199 | D:5      | Noticed Jessica
  4655 | D:4      | Killed Jessica
  4814 | D:5      | Slain by an orc wizard

Vault maps used:
D:1:      onia_arrival_handbag, serial_aquarium, aquarium_bridge_square,
          aquarium_window_1, aquarium_window_fake, aquarium_view_2f,
          minmay_misc_feat_room
D:2:      xom_redecorated, lemuel_coloured_pillars_altar
D:3:      minitemple, first_ration, uniq_jessica
D:4:      chequers_temple_overflow_minitemple, kennysheep_mini,
          lemuel_round_altar, serial_shops, nicolae_shop_crystal
D:5:      small_statue_intersection, tgw_trog

Skill      XL: |  1  2  3  4  5  6 |
---------------+-------------------+-----
Hexes          | 4 5 6 |  6.5
Spellcasting   | 3 4 |  4.6
Stealth        | 5 6 |  6.5
Dodging        | 4 5 |  5.3
Short Blades   | |  1.1

Action                   |  1- 3 |  4- 6 || total
-------------------------+-------+-------++-------
Melee: Dagger            |    97 |    91 ||   188
 Cast: Corona            |    10 |     4 ||    14
       Ensorcelled Hiber |    19 |    39 ||    58
       Confuse           |       |    16 ||    16
  Use: Potion            |       |     1 ||     1
 Stab: Sleeping          |    17 |    19 ||    36
       Confused          |       |     1 ||     1
  Eat: Ration            |       |     6 ||     6
Armor: Robe              |    11 |     8 ||    19
Dodge: Dodged            |    93 |    71 ||   164

Table legend:
 A = Spawn XP
 B = Non-spawn XP
 C = Spawn XP percentage of total XP
 D = Spawn monster count
 E = Non-spawn monster count
 F = Spawn count percentage of total count
 G = Total turns spent on level
                    A         B        C        D         E        F      G
               +---------+---------+-------+---------+---------+-------+---------
         Total |       0 |     636 |   0.0 |       0 |      70 |   0.0 |  4814
               +---------+---------+-------+---------+---------+-------+---------
           D:1 |       0 |      17 |   0.0 |       0 |      13 |   0.0 |   761
           D:2 |       0 |      64 |   0.0 |       0 |      14 |   0.0 |   826
           D:3 |       0 |      44 |   0.0 |       0 |      21 |   0.0 |  1354
           D:4 |       0 |     408 |   0.0 |       0 |      20 |   0.0 |  1801
           D:5 |       0 |     103 |   0.0 |       0 |       2 |   0.0 |    72
               +---------+---------+-------+---------+---------+-------+---------
